 Dungeon Crawl Stone Soup version 0.29-a0-1065-g47a6bb87d6 (webtiles) character file.

Game seed: 13395070730989786602

93 SensoryNuts the Trooper (level 4, -2/40 HPs)
             Began as a Draconian Fighter on Aug 18, 2022.
             Killed by divine providence
             ... invoked by an orc priest
              (16 damage)
             ... on level 3 of the Dungeon.
             The game lasted 00:01:54 (1917 turns).

SensoryNuts the Trooper (Draconian Fighter)         Turns: 1917, Time: 00:01:56

Health: -2/40      AC:  5    Str: 20    XL:     4   Next: 36%
Magic:  4/4        EV: 12    Int:  9    God:
Gold:   142        SH:  4    Dex: 10    Spells: 3/3 levels left

rFire   . . .      SeeInvis .   a - +0 trident
rCold   . . .      Faith    .   b - +0 buckler
rNeg    . . .      Spirit   .   (body armour unavailable)
rPois   .          Reflect  .   (helmet restricted)
rElec   .          Harm     .   (no cloak)
rCorr   .          Rampage  .   (no gloves)
Will    .....                   (no boots)
Stlth   +.........              (no amulet)
HPRegen 0.13/turn               (no ring)
MPRegen 0.09/turn               (no ring)

@: no status effects
A: AC +5, unfitting armour, cold-blooded
a: no special abilities


You were on level 3 of the Dungeon.
You visited 1 branch of the dungeon, and saw 3 of its levels.

You collected 142 gold pieces.

Inventory:

Hand Weapons
 a - a +0 trident (weapon)
Armour
 b - a +0 buckler (worn)
Jewellery
 e - a ring of poison resistance
 g - a +6 ring of intelligence
Scrolls
 d - 2 scrolls of amnesia {unknown}
 f - 3 scrolls of identify
 i - a scroll of noise
 l - a scroll of enchant armour
Potions
 c - a potion of attraction {unknown}
 h - 2 potions of heal wounds
 j - a potion of degeneration
 k - 3 potions of flight
 n - a potion of lignification


   Skills:
 + Level 3.8 Fighting
 + Level 3.0 Polearms
 + Level 3.1 Dodging
 + Level 0.7 Stealth
 + Level 3.6 Shields


You had 3 spell levels left.
You didn't know any spells.
Your spell library contained the following spells:

 Spells                   Type           Power      Damage    Failure   Level
 Necrotise                Necr           0%         1d4       47%         1
 Conjure Flame            Conj/Fire      0%         6-21      85%         3
 Ignite Poison            Fire/Tmut/Pois 0%         N/A       85%         3
 Dispel Undead            Necr           0%         3d6       99%         4
 Sticky Flame             Conj/Fire      0%         2d3       99%         4
 Borgnjor's Revivificati  Necr           0%         N/A       100%        8


Dungeon Overview and Level Annotations

Branches:
Dungeon (3/15)

Altars:


Innate Abilities, Weirdness & Mutations

Your plain brown scales are hard. (AC +5)
You cannot fit into any form of body armour.
You are cold-blooded and may be slowed by cold attacks.


Message History

You closely miss the orc priest.
The orc priest is severely wounded.
The orc priest mumbles some strange prayers to Beogh against you.
Beogh smites you! The orc priest hits you with a +0 club.
You are too injured to fight recklessly!
You are too injured to fight recklessly!
You are too injured to fight recklessly!
You are too injured to fight recklessly!
You are too injured to fight recklessly!
You are too injured to fight recklessly!
You are too injured to fight recklessly!
You are too injured to fight recklessly!
You are too injured to fight recklessly!
You are too injured to fight recklessly!
You are too injured to fight recklessly!
You are too injured to fight recklessly!
You are too injured to fight recklessly!
You are too injured to fight recklessly!
You are too injured to fight recklessly!
You are too injured to fight recklessly!
You feel much better.
The orc priest invokes the aid of Beogh against you.
Beogh smites you!
You closely miss the orc priest.
The orc priest is severely wounded.
The orc priest looks satisfied for a moment.
You hit the orc priest.
The orc priest is severely wounded.
The orc priest barely misses you.
You hit the orc priest but do no damage.
The orc priest is severely wounded.
The orc priest hits you with a +0 club.
You hit the orc priest but do no damage.
The orc priest is severely wounded.
The orc priest looks satisfied for a moment.
The orc priest invokes the aid of Beogh against you.
Pain shoots through your body! The orc priest hits you with a +0 club.
The orc priest mumbles some strange prayers to Beogh against you.
Beogh smites you!
You die...

#.##..# #.#~#.# ######..#
#####.##..#####.##..####......#
#................#.#.....###.##
#..############..###..##.# #.#
#..# #.........#8..8#.# #.#
#..# #.#####......>...# #.#
#..# #[.#......####.# #..#
##.#####...#8..8#.....# #..#
#..ooSo@...##..######## #..###
#..#####.####.## #....# #.# #)#
##.#.# .#.####.####### #.#.#
..........[.... #.#.#
#.#####.####### #[#.# . #.#
#.#.# #.# #.#.# ##.##########


You could see 2 orc priests, an orc and a ball python.

Vanquished Creatures
  Robin (D:2)
  2 adders (D:2)
  A worm (D:2)
  2 dart slugs (D:2)
  5 bats
  5 endoplasms
  2 giant cockroaches
  10 hobgoblins
  3 quokkas (D:2)
  4 frilled lizards
  9 goblins
  7 kobolds
  3 rats
54 creatures vanquished.

Notes
Turn   | Place    | Note
-------+----------+-------------------------------------------
     0 | D:1      | SensoryNuts the Draconian Fighter began the quest for the
                  | Orb.
     0 | D:1      | Reached XP level 1. HP: 19/19 MP: 1/1
   222 | D:1      | You fall into a shaft and drop 1 floor!
   317 | D:2      | Reached XP level 2. HP: 15/26 MP: 2/2
   486 | D:2      | Reached XP level 3. HP: 31/31 MP: 3/3
  1076 | D:2      | Got the Collected Works on the Dead
  1300 | D:2      | Noticed Robin
  1312 | D:2      | Reached XP level 4. HP: 13/40 MP: 4/4
  1322 | D:2      | Killed Robin
  1917 | D:3      | Killed from afar by an orc priest

Illustrated notes

Levels and vault maps discovered:
D:1:      lightli_arrival_quake, layout_rooms
D:2:      minmay_angry_zag, layout_basic, minmay_hexomino_c4, uniq_robin
D:3:      layout_loops_ring, chequers_serial_rivers_small_a, st_stairs_6

Skill      XL: |  1  2  3  4 |
---------------+-------------+-----
Dodging        | 3 |  3.1
Polearms       | 3 |  3.0
Fighting       | |  3.8
Stealth        | |  0.7
Shields        | |  3.6

Action                   |  1- 3 |  4- 6 || total
-------------------------+-------+-------++-------
Melee: Trident           |   109 |    42 ||   151
       Tailslap          |     5 |     5 ||    10
  Use: Potion            |     1 |     5 ||     6
       Scroll            |       |     6 ||     6
 Stab: Sleeping          |     2 |       ||     2
Armor: Skin              |    21 |     6 ||    27
Dodge: Dodged            |    48 |    17 ||    65
Block: Buckler           |    22 |     1 ||    23

Table legend: (Time is in decaauts)
 A = Elapsed time spent in this place.
 B = Non-inter-level travel time spent in this place.
 C = Inter-level travel time spent in this place.
 D = Time resting spent in this place.
 E = Time spent auto-exploring this place.
 F = Levels seen in this place.
 G = Mean time per level.
                   A        B        C        D        E       F      G
               +--------+--------+--------+--------+--------+-----+--------+
         Total |   1951 |   1943 |      8 |      0 |   1569 |   3 |  650.3 |
       Dungeon |   1951 |   1943 |      8 |      0 |   1569 |   3 |  650.3 |
               +--------+--------+--------+--------+--------+-----+--------+

Top non-repeatable levels by time:
     D:2: 1231 daAuts
     D:1: 405 daAuts
     D:3: 313 daAuts
